 Dungeon Crawl Stone Soup version 0.20.1-1-g8b1a95d (webtiles) character file.

156 Jeffwins the Ogre Mage (level 5, 0/46 HPs)
             Began as an Ogre Fire Elementalist on Aug 6, 2017.
             Slain by an iguana (13 damage)
             ... on level 4 of the Dungeon.
             The game lasted 00:04:23 (2375 turns).

Jeffwins the Ogre Mage (Ogre Fire Elementalist)     Turns: 2375, Time: 00:04:24

Health: 0/46       AC:  5    Str: 12    XL:     5   Next: 37%
Magic:  0/10       EV: 10    Int: 17    God:
Gold:   131        SH:  0    Dex:  9    Spells: 1/11 levels left

rFire    . . .     SeeInvis .   q - +1 dagger (speed)
rCold    . . .     Gourm    .   (no shield)
rNeg     . . .     Faith    .   f - +0 robe (curse)
rPois    .         Spirit   .   (helmet restricted)
rElec    .         Reflect  .   n - +0 cloak
rCorr    .         Harm     .   (gloves unavailable)
MR       .....                  (boots unavailable)
Stlth    +.........             (no amulet)
Regen    0.2/turn               (no ring)
MPRegen  0.2/turn               (no ring)

@: very slightly contaminated
A: unfitting armour, antennae 1, rugged brown scales 1, tough skin 1
a: no special abilities


You were on level 4 of the Dungeon.
You were hungry.

You visited 1 branch of the dungeon, and saw 4 of its levels.

You collected 131 gold pieces.

Inventory:

Hand Weapons
 d - a +0 dagger
 g - a +0 whip
 k - a +0 spear
 q - a +1 dagger of speed (weapon)
Armour
 f - a cursed +0 robe (worn)
 n - a +0 cloak (worn)
Scrolls
 a - a scroll of teleportation {unknown}
 i - 3 scrolls of remove curse {unknown}
 j - a scroll of noise {unknown}
 l - a scroll of fog {unknown}
 m - 2 scrolls of amnesia {unknown}
 p - a scroll of enchant armour {unknown}
 r - a scroll of recharging {unknown}
 s - a scroll of immolation {unknown}
Potions
 e - 3 potions of curing {unknown}
Books
 b - a book of Flames

   Spells                             Type                      Level
   a - Flame Tongue                   Conjuration/Fire             1
   b - Throw Flame                    Conjuration/Fire             2
   c - Conjure Flame                  Conjuration/Fire             3
   d - Inner Flame                    Hexes/Fire                   3
   e - Sticky Flame                   Conjuration/Fire             4
   f - Fireball                       Conjuration/Fire             5
Comestibles
 c - 2 bread rations
 h - 3 meat rations


   Skills:
 - Level 1.7 Dodging
 - Level 1.4 Stealth
 + Level 3.7 Spellcasting
 * Level 3.0 Conjurations
 + Level 3.6 Fire Magic


You had one spell level left.
You knew the following spells:

 Your Spells              Type           Power        Failure   Level  Hunger
a - Flame Tongue          Conj/Fire      ##...        4%          1    None
b - Sticky Flame          Conj/Fire      ##......     38%         4    ####...
c - Fireball              Conj/Fire      ##........   75%         5    ######.


Dungeon Overview and Level Annotations

Branches:
Dungeon (4/15)
 Temple: D:4-7

Altars:
Ashenzari
Cheibriados
Elyvilon
Nemelex Xobeh
Qazlal
Sif Muna
Trog


Innate Abilities, Weirdness & Mutations

You are too large for most types of armour.
You have tough skin. (AC +1)
You have a pair of small antennae on your head.
You are partially covered in rugged brown scales. (AC +1, +3% HP)


Message History

The iguana closely misses you.
You barely miss the iguana.
The iguana is moderately wounded.
You hit the iguana.
The iguana is moderately wounded.
The iguana closely misses you.
Casting: Flame Tongue
Confirm with . or Enter, or press ? or * to list all spells.
Aiming: Flame Tongue
Press: ? - help, Shift-Dir - straight line, f/p - iguana
Aim: an iguana (moderately wounded)
The flame tongue hits the iguana.
The iguana is heavily wounded.
The iguana bites you!
* * * LOW HITPOINT WARNING * * *
It was a potion of mutation.
You feel extremely strange. A pair of antennae grows on your head!
Rugged brown scales grow over part of your body.
The iguana bites you!
You die...

#.##.##.###...###
#.##.##.........# #
#.##.##..._..._.# ..
#....##.......... ...
#.#..##.._..⌠.._. ....
#....##.......... .....
#.##.##.#._..._.#
......##.#...#.#..._...#
.......@...............+
#####...l#.....#.###...#
#.......##.# .
#....#...... #
#....###... #....# ....
#....# ... ######


You could see an iguana.

Vanquished Creatures
  A bullfrog skeleton (D:4)
  A worker ant zombie (D:3)
  3 adders
  A gnoll (D:1)
  2 oozes
  An adder skeleton (D:3)
  3 worms (D:2)
  A leopard gecko (D:2)
  2 orcs (D:3)
  2 ball pythons (D:2)
  2 giant cockroaches
  2 goblins
  10 hobgoblins
  4 jackals (D:2)
  A quokka (D:2)
  A ball python skeleton (D:3)
  A ball python zombie (D:3)
  5 bats
  5 frilled lizards
  7 kobolds
  A leopard gecko skeleton (D:3)
  A rat (D:3)
57 creatures vanquished.

Notes
Turn   | Place    | Note
-------+----------+-------------------------------------------
     0 | D:1      | Jeffwins the Ogre Fire Elementalist began the quest for the Orb.
     0 | D:1      | Reached XP level 1. HP: 16/16 MP: 3/3
    15 | D:1      | Reached skill level 1 in Conjurations
    88 | D:1      | Reached XP level 2. HP: 5/24 MP: 0/5
   717 | D:1      | Reached XP level 3. HP: 31/31 MP: 4/7
  1110 | D:2      | Reached XP level 4. HP: 26/39 MP: 0/8
  1522 | D:2      | Learned a level 4 spell: Sticky Flame
  2111 | D:3      | Reached XP level 5. HP: 45/45 MP: 7/10
  2321 | D:4      | Learned a level 5 spell: Fireball
  2345 | D:4      | Found a stormy altar of Qazlal.
  2345 | D:4      | Found a shattered altar of Ashenzari.
  2346 | D:4      | Found a deep blue altar of Sif Muna.
  2346 | D:4      | Found a white marble altar of Elyvilon.
  2346 | D:4      | Found a snail-covered altar of Cheibriados.
  2346 | D:4      | Found a bloodstained altar of Trog.
  2347 | D:4      | Found a sparkling altar of Nemelex Xobeh.
  2375 | D:4      | Gained mutation: You have a pair of small antennae on your head. [potion of mutation]
  2375 | D:4      | Gained mutation: You are partially covered in rugged brown scales. (AC +1, +3% HP) [potion of mutation]
  2375 | D:4      | Slain by an iguana

Skill      XL: |  1  2  3  4  5 |
---------------+----------------+-----
Conjurations   | 1 2 3 |  3.0
Fire Magic     | 3 |  3.6
Spellcasting   | 3 |  3.7
Dodging        | |  1.7
Stealth        | |  1.4

Action                   |  1- 3 |  4- 6 || total
-------------------------+-------+-------++-------
Melee: Dagger            |     9 |    10 ||    19
       Unarmed           |     3 |       ||     3
       Whip              |     8 |       ||     8
       Spear             |    20 |    13 ||    33
 Cast: Flame Tongue      |    51 |    67 ||   118
  Use: Potion            |       |     1 ||     1
 Stab: Sleeping          |       |     1 ||     1
  Eat: Chunk             |     1 |     3 ||     4
Armor: Robe              |    15 |    15 ||    30
Dodge: Dodged            |    26 |    25 ||    51
